 Dungeon Crawl Stone Soup version 0.19-a0-1878-gcbc8a98 (webtiles) character file.

151 rgaf the Sneak (level 5, -1/51 HPs)
             Began as a Halfling Assassin on Oct 13, 2016.
             Was an Initiate of Okawaru.
             Slain by Natasha (5 damage)
             ... on level 2 of the Dungeon.
             The game lasted 00:03:56 (2553 turns).

rgaf the Sneak (Halfling Assassin)                  Turns: 2553, Time: 00:03:58

Health: -1/51      AC: 22    Str: 12    XL:     5   Next: 60%
Magic:  5/5        EV:  3    Int: 10    God:    Okawaru [......]
Gold:   80         SH:  0    Dex: 16    Spells: 0 memorised, 4 levels left

rFire  . . .     SeeInvis .     a - +2 dagger
rCold  . . .     Gourm    .     (armour currently unavailable)
rNeg   + + +     Faith    .     (shield restricted)
rPois  +         Spirit   .     (helmet currently unavailable)
rElec  .         Dismiss  +     (cloak currently unavailable)
rCorr  .         Reflect  .     (gloves currently unavailable)
MR     .....     Harm     .     (boots currently unavailable)
Stlth  +++....... NoTele   +    j - amulet of dismissal (curse)
                                (no ring)
                                (no ring)

@: tree-form
A: mutation resistance 1
a: Renounce Religion


You were on level 2 of the Dungeon.
You worshipped Okawaru.
Okawaru was noncommittal.
You were hungry.
You were a tree.
You visited 1 branch of the dungeon, and saw 3 of its levels.

You collected 80 gold pieces.

Inventory:

Hand Weapons
 a - a +2 dagger (weapon)
 b - a +0 blowgun
Missiles
 e - 35 poisoned needles
 f - 2 curare-tipped needles
Armour
 c - a +0 robe (melded)
 d - a +0 cloak (melded)
Jewellery
 j - a cursed amulet of dismissal (around neck)
Wands
 n - a wand of flame (16/48)
 q - a wand of confusion (26/48)
Scrolls
 h - 2 scrolls of identify
 l - 2 scrolls of remove curse {unknown}
 m - a scroll of teleportation {unknown}
Potions
 o - a potion of flight
 p - a potion of lignification
 s - a potion of degeneration {unknown}
Comestibles
 g - a bread ration
 i - 2 chunks of flesh
 k - a meat ration
 r - a slice of pizza


   Skills:
 + Level 2.2 Fighting
 * Level 4.1 Short Blades
 + Level 3.0 Throwing
 + Level 2.1 Dodging
 * Level 5.1 Stealth


You had 4 spell levels left.
You didn't know any spells.

Dungeon Overview and Level Annotations

Branches:
Dungeon (3/15)

Altars:
Okawaru

Annotations:
D:2 Natasha
D:3 Robin


Innate Abilities, Weirdness & Mutations

You are small and have problems with some larger weapons.
You are somewhat resistant to further mutation.


Message History

The goblin hits you but does no damage. Natasha claws you but does no damage.
The hobgoblin hits you but does no damage.
You hit Natasha.
Natasha is moderately wounded.
The goblin hits you but does no damage. Natasha claws you but does no damage.
You closely miss Natasha.
Natasha is moderately wounded.
You are feeling hungry.
The hobgoblin hits you but does no damage.
The goblin hits you.
* * * LOW HITPOINT WARNING * * *
Natasha claws you but does no damage.
You hit Natasha.
Natasha is moderately wounded.
The hobgoblin hits you.
* * * LOW HITPOINT WARNING * * *
The goblin hits you but does no damage.
Natasha growls.
Natasha claws you.
You die...

......# #.......#
......# #.......#
.######
#.......######### .#
#.......#.......# .#
##..............# .#
#..............# .#
#............###
.###########...gg.....#
................♣h#####
.###...#####......# .#
#...### #....### .#
#.....# #.#### .#
##.##.# #.# .# #....#
#.# .####..### #.#
.......#####.#
.............#


You could see Natasha, a hobgoblin and a goblin.

Vanquished Creatures
  Jessica (D:3)
  Ijyb (D:2)
  2 adders (D:2)
  2 dart slugs
  3 leopard geckos
  3 bats (D:2)
  2 giant cockroaches (D:1)
  21 goblins
  6 hobgoblins
  10 jackals
  6 kobolds
  A quokka (D:2)
  A ball python (D:2)
  3 frilled lizards
  6 rats
68 creatures vanquished.

Notes
Turn   | Place    | Note
-------+----------+-------------------------------------------
     0 | D:1      | rgaf the Halfling Assassin began the quest for the Orb.
     0 | D:1      | Reached XP level 1. HP: 14/14 MP: 1/1
   120 | D:1      | Reached XP level 2. HP: 17/19 MP: 2/2
   363 | D:1      | Reached XP level 3. HP: 22/24 MP: 3/3
  1169 | D:2      | Found an iron altar of Okawaru.
  1180 | D:2      | Became a worshipper of Warmaster Okawaru
  1254 | D:2      | Reached XP level 4. HP: 29/29 MP: 4/4
  1636 | D:2      | Noticed Ijyb
  1674 | D:2      | Killed Ijyb
  1759 | D:2      | Reached skill level 5 in Stealth
  1773 | D:2      | Reached XP level 5. HP: 34/34 MP: 5/5
  2196 | D:3      | Noticed Jessica
  2204 | D:3      | Killed Jessica
  2250 | D:3      | Noticed Robin
  2259 | D:3      | Noticed Natasha
  2553 | D:2      | Slain by Natasha

Vault maps used:
D:1:      wheals_arrival_linesprint, serial_bayou_lake_a
D:2:      kennysheep_goblin_castle, nicolae_overflow_hidden_temple,
          okawaru_gym_becter
D:3:      hangedman_decor_lopped, grunt_gozag_statues, uniq_natasha,
          uniq_jessica, uniq_robin

Skill      XL: |  1  2  3  4  5 |
---------------+----------------+-----
Short Blades   | 3 4 |  4.1
Fighting       | 2 |  2.2
Dodging        | 2 |  2.1
Stealth        | 5 |  5.1
Throwing       | 3 |  3.0

Action                   |  1- 3 |  4- 6 || total
-------------------------+-------+-------++-------
Melee: Dagger            |   131 |   122 ||   253
Evoke: Wand              |       |     6 ||     6
  Use: Scroll            |     2 |       ||     2
       Potion            |       |     1 ||     1
 Stab: Distracted        |     2 |       ||     2
       Sleeping          |     3 |     2 ||     5
  Eat: Chunk             |     1 |     4 ||     5
Armor: Robe              |    22 |    17 ||    39
       Skin              |       |    10 ||    10
Dodge: Dodged            |    85 |    98 ||   183
